 Dungeon Sprint DCSS version 0.17-a0-1674-g2b13139 (webtiles) character file.

18606 Kidiri the Unseen (level 12, -7/51 HPs)
             Began as a Spriggan Enchanter on Aug 18, 2015.
             Was the Champion of Dithmenos.
             Killed from afar by a fire dragon (58 damage)
             ... with a blast of flame
             ... in the Dungeon (Sprint III: "The Ten Rune Challenge").
             The game lasted 00:20:45 (3295 turns).

Kidiri the Unseen (Spriggan Enchanter)              Turns: 3295, Time: 00:20:45

Health: -7/51      AC:  4    Str:  4    XL:     12   Next: 29%
Magic:  22/32      EV: 34    Int: 19    God:    Dithmenos [******]
Gold:   16         SH:  0    Dex: 19    Spells: 12 memorised, 1 level left

rFire  . . .     SeeInvis +     a - +1 dagger
rCold  . . .     Clarity  .     b - +1 robe
rNeg   . . .     SustAt   .     (shield restricted)
rPois  .         Gourm    .     (helmet restricted)
rElec  .         Spirit   .     l - +0 cloak
rCorr  .         Warding  .     (gloves unavailable)
rMut   .         NoTele   +     (boots unavailable)
MR     ++...                    (no amulet)
Stlth  ++++++++++               (no ring)
                                (no ring)

@: wreathed by umbra, very quick, very resistant to hostile enchantments,
uncannily stealthy
A: unfitting armour, antennae 1, see invisible, herbivore 3, speed 3, slow
metabolism 2, wild magic 1
a: Shadow Step, Shadow Form, Renounce Religion


You were in the Dungeon.
You worshipped Dithmenos.
Dithmenos was exalted by your worship.
You were full.

You visited 1 branch You collected 16 gold pieces.

Inventory:

Hand weapons
 a - a +1 dagger (weapon)
Missiles
 i - 10 throwing nets (quivered)
Armour
 b - a +1 robe (worn)
 l - a +0 cloak (worn)
Magical devices
 k - a wand of polymorph (15)
Scrolls
 j - a scroll of blinking
 n - 2 scrolls of holy word
 p - 3 scrolls of remove curse
 t - a scroll of amnesia
Potions
 c - a potion of might
 e - a potion of curing
 f - 2 potions of heal wounds
 g - 3 potions of haste
 h - 2 potions of magic
 s - 3 potions of flight
Books
 m - a book of Enchantments

   Spells                             Type                      Level
   a - Cause Fear                     Hexes                        4
   b - Silence                        Hexes/Air                    5
   c - Deflect Missiles               Charms/Air                   6
   d - Haste                          Charms                       6
   e - Discord                        Hexes                        8
Comestibles
 d - 2 bread rations
 o - 24 royal jellies
 q - 6 fruits


   Skills:
 + Level 10.7 Short Blades
 * Level 18.1 Dodging
 * Level 19.7 Stealth
 * Level 15.7 Spellcasting
 + Level 7.2 Conjurations
 + Level 12.0 Hexes
 + Level 7.9 Charms
 + Level 4.7 Necromancy
 + Level 7.5 Translocations
 + Level 8.3 Ice Magic
 + Level 4.8 Air Magic
 - Level 3.2 Invocations


You had one spell level left.
You knew the following spells:

 Your Spells              Type           Power        Failure   Level  Hunger
a - Corona                Hex            ######.      1%          1    None
b - Ensorcelled Hibernat  Hex/Ice        ######       1%          2    None
c - Confuse               Hex            ######..     1%          3    None
d - Tukima's Dance        Hex            ######..     1%          3    None
e - Dazzling Spray        Conj/Hex       ######..     1%          3    None
f - Spectral Weapon       Hex/Chrm       ######..     1%          3    None
g - Cause Fear            Hex            ######....   2%          4    None
h - Shroud of Golubria    Chrm/Tloc      ######....   1%          2    None
i - Regeneration          Chrm/Necr      ######....   3%          3    None
j - Silence               Hex/Air        ######....   11%         5    ###....
k - Deflect Missiles      Chrm/Air       ######....   69%         6    #####..
l - Haste                 Chrm           ######..     43%         6    #####..


Dungeon Overview and Level Annotations

Branches:
Dungeon (1/1)

Altars:
Cheibriados
Dithmenos
Elyvilon
Fedhas
Gozag
Kikubaaqudgha
Makhleb
Nemelex Xobeh
Okawaru
Qazlal
Ru
Sif Muna
Trog
Vehumet
Xom
Yredelemnul
Zin
The Shining One
Jiyva
Lugonu

Shops:
D ![:


Innate Abilities, Weirdness & Mutations

You are tiny and cannot use many weapons and most armour.
You have supernaturally acute eyesight.
You are a herbivore.
You cover ground extremely quickly.
You need consume almost no food.
You have a pair of small antennae on your head.
Your spells are a little harder to cast, but a little more powerful.


Message History

The fire dragon is dazzled.
The fire dragon is engulfed in roaring flames. x2
Unknown command.
Casting: Dazzling Spray
Confirm with . or Enter, or press ? or * to list all spells.
Aiming: Ensorcelled Hibernation
Press: ? - help, Shift-Dir - straight line, f/p - fire dragon
Aim: a fire dragon (steam, moderately wounded, umbra, chance to defeat MR: 37%)
The fire dragon easily resists.
The fire dragon is engulfed in roaring flames.
The fire dragon breathes flames at you. The blast of flame misses you.
Unknown command.
The fire dragon is engulfed in roaring flames.
The fire dragon is engulfed in roaring flames.
The fire dragon breathes flames at you.
The blast of flame hits the fire dragon.
The fire dragon resists.
The blast of flame hits you!
Ouch! That really hurt!
You die...

#♣.♣ ▓≈≈....
♣.♣♣ ▓≈≈≈...
♣♣.♣ ▓≈≈≈≈≈.
♣.♣♣ ▓≈≈≈≈≈≈
♣≈♣♣ ▓≈≈≈≈≈≈
♣..♣ ▓≈≈≈≈≈≈
♣♣.♣♣
▓≈≈≈≈≈≈ ♣♣.♣
♣ ▓≈≈≈≈≈≈
♣♣.@♣♣♣♣♣♣.♣
♣≈..D.D§§≈.♣
♣...≈≈§§§§.♣
♣.♣.D.§§§§.♣
♣♣♣♣♣♣♣♣§§∩♣
♣♣♣


You could see 3 fire dragons.

Vanquished Creatures
  Rupert (D)
  Maud (D)
  A fire dragon (D)
  Erolcha (D)
  2 hydras (D)
  4 death yaks (D)
  A death drake (D)
  A spriggan druid (D)
  A lindwurm (D)
  2 black mambas (D)
  2 spiny frogs (D)
  A komodo dragon (D)
  3 wandering mushrooms (D)
  A deep elf priest (D)
  A fire drake (D)
  A queen bee (D)
  8 blink frogs (D)
  2 trapdoor spiders (D)
  A snapping turtle (D)
  4 redbacks (D)
  A shadow (D)
  2 spriggans (D)
  2 hill giants (D)
  A spatial vortex (D)
  A swamp drake (D)
  A necrophage (D)
  3 two-headed ogres (D)
  2 brain worms (D)
  A water elemental (D)
  32 killer bees (D)
  A jelly (D)
  Crazy Yiuf (D)
  Jessica (D)
  A necromancer (D)
  A wizard (D)
  3 humans (D)
  A kobold demonologist (D)
  2 oozes (D)
  A rat (D)
97 creatures vanquished.

Vanquished Creatures (others)
  2 draconian scorchers (D)
  A hydra (D)
  2 fire drakes (D)
  2 yaktaurs (D)
  An electric eel (D)
  4 plants (D)
12 creatures vanquished.

Grand Total: 109 creatures vanquished

Notes
Turn   | Place    | Note
--------------------------------------------------------------
     0 | D        | Kidiri the Spriggan Enchanter began the quest for the Orb.
     0 | D        | Reached XP level 1. HP: 9/9 MP: 5/5
    13 | D        | Reached skill level 5 in Stealth
    15 | D        | Reached XP level 2. HP: 13/13 MP: 5/7
    19 | D        | Learned a level 2 spell: Ensorcelled Hibernation
    50 | D        | Noticed Jessica
    54 | D        | Killed Jessica
    54 | D        | Reached skill level 5 in Dodging
    54 | D        | Reached skill level 6 in Stealth
    54 | D        | Reached skill level 1 in Ice Magic
    54 | D        | Reached XP level 3. HP: 16/16 MP: 7/9
    81 | D        | Noticed Crazy Yiuf
   108 | D        | Learned a level 3 spell: Confuse
   112 | D        | Learned a level 3 spell: Tukima's Dance
   144 | D        | Killed Crazy Yiuf
   144 | D        | Reached skill level 7 in Stealth
   144 | D        | Reached skill level 5 in Spellcasting
   151 | D        | Reached XP level 4. HP: 21/21 MP: 2/12
   156 | D        | Learned a level 3 spell: Dazzling Spray
   160 | D        | Killed a fire drake
   178 | D        | Killed a yaktaur
   181 | D        | Gained mutation: You have a pair of small antennae on your head. [potion of mutation]
   181 | D        | Gained mutation: You expend magic power (3 MP) to strengthen your wands. [potion of mutation]
   181 | D        | Gained mutation: You are clumsy. (Dex -2) [potion of mutation]
   182 | D        | Gained mutation: Your flesh is heat resistant. [potion of mutation]
   182 | D        | Gained mutation: Your spells are a little harder to cast, but a little more powerful. [potion of mutation]
   182 | D        | Gained mutation: You are frail (-10% HP). [potion of mutation]
   184 | D        | Killed a fire drake
   198 | D        | Killed a white draconian scorcher
   210 | D        | Killed a white draconian scorcher
   234 | D        | Noticed a water elemental
   261 | D        | Killed a water elemental
   261 | D        | Reached skill level 8 in Stealth
   261 | D        | Reached skill level 1 in Conjurations
   261 | D        | Reached skill level 5 in Hexes
   261 | D        | Reached XP level 5. HP: 3/21 MP: 2/14
   487 | D        | Killed an electric eel
   543 | D        | Noticed a jelly
   544 | D        | Noticed a shadow
   546 | D        | Killed a shadow
   546 | D        | Reached skill level 10 in Stealth
   546 | D        | Reached XP level 6. HP: 25/25 MP: 15/17
   559 | D        | Killed a jelly
   743 | D        | Lost mutation: You are frail (-10% HP). [potion of cure mutation]
   743 | D        | Lost mutation: Your flesh is heat resistant. [potion of cure mutation]
   743 | D        | Lost mutation: You are clumsy. (Dex -2) [potion of cure mutation]
   743 | D        | Lost mutation: You expend magic power (3 MP) to strengthen your wands. [potion of cure mutation]
   744 | D        | Found a stormy altar of Qazlal.
   744 | D        | Found a sacrificial altar of Ru.
   744 | D        | Found a burning altar of Makhleb.
   744 | D        | Found a shimmering altar of Xom.
   744 | D        | Noticed a spatial vortex
   745 | D        | Found a viscous altar of Jiyva.
   745 | D        | Found a shadowy altar of Dithmenos.
   745 | D        | Found a sparkling altar of Nemelex Xobeh.
   745 | D        | Found a corrupted altar of Lugonu.
   745 | D        | Found an opulent altar of Gozag.
   749 | D        | Became a worshipper of Dithmenos the Shadowed
   845 | D        | Killed a spatial vortex
   845 | D        | Reached skill level 5 in Short Blades
   845 | D        | Reached skill level 11 in Stealth
   845 | D        | Reached skill level 1 in Invocations
   982 | D        | Found a radiant altar of Vehumet.
   983 | D        | Found a deep blue altar of Sif Muna.
   983 | D        | Found an ancient bone altar of Kikubaaqudgha.
   983 | D        | Noticed a wizard
   984 | D        | Killed a wizard
   997 | D        | Learned a level 3 spell: Spectral Weapon
  1002 | D        | Learned a level 4 spell: Cause Fear
  1005 | D        | Learned a level 2 spell: Shroud of Golubria
  1015 | D        | Found a glowing silver altar of Zin.
  1016 | D        | Found a glowing golden altar of the Shining One.
  1016 | D        | Found a white marble altar of Elyvilon.
  1016 | D        | Noticed a deep elf priest
  1018 | D        | Killed a deep elf priest
  1018 | D        | Reached skill level 10 in Dodging
  1018 | D        | Reached XP level 7. HP: 32/32 MP: 18/20
  1033 | D        | Found an iron altar of Okawaru.
  1034 | D        | Found a bloodstained altar of Trog.
  1034 | D        | Noticed a human
  1034 | D        | Noticed a human
  1037 | D        | Killed a human
  1037 | D        | Reached skill level 12 in Stealth
  1044 | D        | Killed a human
  1094 | D        | Learned a level 3 spell: Regeneration
  1094 | D        | Found a snail-covered altar of Cheibriados.
  1094 | D        | Noticed a necrophage
  1095 | D        | Found a basalt altar of Yredelemnul.
  1095 | D        | Found a blossoming altar of Fedhas.
  1095 | D        | Noticed a necromancer
  1098 | D        | Killed a necromancer
  1098 | D        | Acquired Dithmenos's first power
  1098 | D        | Reached XP level 8. HP: 34/36 MP: 15/22
  1100 | D        | Killed a necrophage
  1160 | D        | Noticed a two-headed ogre
  1160 | D        | Noticed a two-headed ogre
  1164 | D        | Killed a two-headed ogre
  1168 | D        | Killed a two-headed ogre
  1168 | D        | Reached skill level 13 in Stealth
  1168 | D        | Reached skill level 10 in Spellcasting
  1169 | D        | Noticed a two-headed ogre
  1173 | D        | Killed a two-headed ogre
  1173 | D        | Acquired Dithmenos's second power
  1222 | D        | Noticed a hill giant
  1225 | D        | Killed a hill giant
  1232 | D        | Noticed Erolcha
  1233 | D        | Noticed a hill giant
  1240 | D        | Killed a hill giant
  1243 | D        | Killed Erolcha
  1243 | D        | Reached skill level 14 in Stealth
  1243 | D        | Reached skill level 5 in Ice Magic
  1243 | D        | Reached XP level 9. HP: 15/39 MP: 11/25
  1421 | D        | Noticed a redback
  1430 | D        | Learned a level 5 spell: Silence
  1495 | D        | Killed a redback
  1502 | D        | Noticed a trapdoor spider
  1503 | D        | Killed a trapdoor spider
  1584 | D        | Noticed a trapdoor spider
  1585 | D        | Killed a trapdoor spider
  1585 | D        | Acquired Dithmenos's third power
  1585 | D        | Reached skill level 15 in Stealth
  1613 | D        | Noticed a killer bee
  1613 | D        | Noticed a killer bee
  1613 | D        | Noticed a killer bee
  1613 | D        | Noticed a killer bee
  1613 | D        | Noticed a killer bee
  1613 | D        | Noticed a killer bee
  1613 | D        | Noticed a killer bee
  1613 | D        | Noticed a killer bee
  1613 | D        | Noticed a killer bee
  1613 | D        | Noticed a killer bee
  1613 | D        | Noticed a killer bee
  1613 | D        | Noticed a killer bee
  1613 | D        | Noticed a killer bee
  1613 | D        | Noticed a killer bee
  1613 | D        | Noticed a killer bee
  1614 | D        | Noticed a killer bee
  1614 | D        | Noticed a killer bee
  1615 | D        | Noticed a killer bee
  1615 | D        | Noticed a killer bee
  1615 | D        | Noticed a killer bee
  1616 | D        | Noticed a killer bee
  1617 | D        | Noticed a killer bee
  1617 | D        | Killed a killer bee
  1618 | D        | Noticed a killer bee
  1618 | D        | Noticed a killer bee
  1618 | D        | Noticed a killer bee
  1619 | D        | Killed a killer bee
  1621 | D        | Noticed a killer bee
  1622 | D        | Noticed a killer bee
  1623 | D        | Noticed a queen bee
  1623 | D        | Killed a killer bee
  1625 | D        | Noticed a killer bee
  1625 | D        | Noticed a killer bee
  1625 | D        | Noticed a killer bee
  1734 | D        | Killed a killer bee
  1738 | D        | Killed a killer bee
  1740 | D        | Killed a killer bee
  1741 | D        | Noticed a killer bee
  1747 | D        | Killed a killer bee
  1747 | D        | Acquired Dithmenos's fourth power
  1750 | D        | Killed a killer bee
  1752 | D        | Noticed a killer bee
  1752 | D        | Killed a killer bee
  1756 | D        | Killed a killer bee
  1892 | D        | Killed a killer bee
  1893 | D        | Killed a killer bee
  1904 | D        | Killed a killer bee
  1904 | D        | Reached skill level 5 in Conjurations
  1904 | D        | Killed a killer bee
  1906 | D        | Killed a killer bee
  1908 | D        | Killed a killer bee
  1912 | D        | Killed a killer bee
  2088 | D        | Killed a killer bee
  2091 | D        | Killed a killer bee
  2093 | D        | Killed a killer bee
  2095 | D        | Killed a killer bee
  2097 | D        | Killed a killer bee
  2100 | D        | Killed a killer bee
  2102 | D        | Killed a killer bee
  2104 | D        | Killed a killer bee
  2106 | D        | Killed a killer bee
  2108 | D        | Killed a killer bee
  2108 | D        | Reached XP level 10. HP: 33/44 MP: 10/27
  2110 | D        | Killed a killer bee
  2112 | D        | Killed a killer bee
  2114 | D        | Killed a queen bee
  2114 | D        | Reached skill level 16 in Stealth
  2117 | D        | Killed a killer bee
  2127 | D        | Killed a killer bee
  2150 | D        | Killed a killer bee
  2321 | D        | Noticed a wandering mushroom
  2322 | D        | Noticed a wandering mushroom
  2322 | D        | Noticed a wandering mushroom
  2323 | D        | Killed a wandering mushroom
  2323 | D        | Reached skill level 10 in Hexes
  2325 | D        | Killed a wandering mushroom
  2326 | D        | Killed a wandering mushroom
  2326 | D        | Reached skill level 15 in Dodging
  2373 | D        | Learned a level 6 spell: Deflect Missiles
  2378 | D        | Noticed a spiny frog
  2378 | D        | Noticed a komodo dragon
  2378 | D        | Noticed a spiny frog
  2381 | D        | Killed a spiny frog
  2382 | D        | Killed a komodo dragon
  2383 | D        | Killed a spiny frog
  2383 | D        | Reached skill level 17 in Stealth
  2489 | D        | Noticed a redback
  2491 | D        | Killed a redback
  2492 | D        | Noticed a brain worm
  2496 | D        | Killed a brain worm
  2499 | D        | Noticed a brain worm
  2505 | D        | Killed a brain worm
  2534 | D        | Noticed a lindwurm
  2536 | D        | Noticed a redback
  2537 | D        | Killed a lindwurm
  2537 | D        | Reached skill level 1 in Charms
  2537 | D        | Reached skill level 1 in Necromancy
  2537 | D        | Reached skill level 1 in Translocations
  2537 | D        | Reached skill level 1 in Air Magic
  2539 | D        | Killed a redback
  2544 | D        | Noticed a redback
  2546 | D        | Killed a redback
  2555 | D        | Noticed Maud
  2557 | D        | Killed Maud
  2557 | D        | Reached XP level 11. HP: 47/47 MP: 28/30
  2569 | D        | Noticed an eight-headed hydra
  2569 | D        | Noticed an eight-headed hydra
  2571 | D        | Killed an eight-headed hydra
  2572 | D        | Killed an eight-headed hydra
  2572 | D        | Reached skill level 18 in Stealth
  2587 | D        | Noticed a death drake
  2590 | D        | Killed a death drake
  2604 | D        | Found a blossoming altar of Fedhas.
  2604 | D        | Noticed a spriggan
  2604 | D        | Noticed a spriggan druid
  2604 | D        | Noticed a spriggan
  2606 | D        | Killed a spriggan druid
  2607 | D        | Killed a spriggan
  2607 | D        | Reached skill level 5 in Charms
  2608 | D        | Killed a spriggan
  2608 | D        | Reached skill level 5 in Translocations
  2636 | D        | Noticed a kraken
  2637 | D        | Noticed a snapping turtle
  2642 | D        | Killed a snapping turtle
  2687 | D        | Noticed a swamp drake
  2687 | D        | Noticed a fire drake
  2688 | D        | Killed a fire drake
  2690 | D        | Killed a swamp drake
  2690 | D        | Reached skill level 10 in Short Blades
  2734 | D        | Noticed a blink frog
  2734 | D        | Noticed a blink frog
  2735 | D        | Noticed a blink frog
  2735 | D        | Noticed a blink frog
  2735 | D        | Noticed a blink frog
  2736 | D        | Killed a blink frog
  2737 | D        | Killed a blink frog
  2739 | D        | Killed a blink frog
  2743 | D        | Killed a blink frog
  2745 | D        | Killed a blink frog
  2813 | D        | Noticed Rupert
  2815 | D        | Killed Rupert
  2815 | D        | Reached skill level 19 in Stealth
  2815 | D        | Reached skill level 15 in Spellcasting
  2840 | D        | Noticed a death yak
  2841 | D        | Noticed a death yak
  2841 | D        | Noticed a blink frog
  2842 | D        | Killed a death yak
  2843 | D        | Noticed an azure jelly
  2843 | D        | Noticed a death yak
  2843 | D        | Noticed an azure jelly
  2843 | D        | Noticed a blink frog
  2843 | D        | Noticed a death yak
  2844 | D        | Killed a death yak
  2844 | D        | Reached XP level 12. HP: 51/51 MP: 27/32
  2845 | D        | Killed a blink frog
  2846 | D        | Noticed a blink frog
  2846 | D        | Noticed a black mamba
  2852 | D        | Killed a blink frog
  2861 | D        | Killed a death yak
  2865 | D        | Killed a death yak
  2872 | D        | Noticed an azure jelly
  2872 | D        | Noticed an azure jelly
  2878 | D        | Killed a blink frog
  2883 | D        | Noticed a black mamba
  2885 | D        | Killed a black mamba
  2886 | D        | Killed a black mamba
  2993 | D        | Learned a level 6 spell: Haste
  3001 | D        | Noticed a fire dragon
  3018 | D        | Noticed a fire dragon
  3018 | D        | Noticed a fire dragon
  3018 | D        | Found Arezetatsyss's Distillery.
  3018 | D        | Found Haanip's Antique Armour Boutique.
  3018 | D        | Found Ytae's Book Emporium.
  3019 | D        | Killed a fire dragon
  3119 | D        | Killed a six-headed hydra
  3188 | D        | Killed a yaktaur
  3284 | D        | Noticed a fire dragon
  3295 | D        | Killed from afar by a fire dragon

Vault maps used:
D:        dungeon_sprint_mu

Action                   |  1- 3 |  4- 6 |  7- 9 | 10-12 || total
-------------------------+-------+-------+-------+-------++-------
Melee: Dagger            |    12 |    19 |    54 |    53 ||   138
 Cast: Ensorcelled Hiber |     6 |     2 |    50 |    19 ||    77
       Confuse           |       |     2 |     1 |     1 ||     4
       Dazzling Spray    |       |     8 |     7 |     6 ||    21
Invok: Shadow Step       |       |       |     1 |    12 ||    13
  Use: Potion            |       |     4 |     1 |       ||     5
       Scroll            |       |     2 |       |       ||     2
 Stab: Sleeping          |     5 |     5 |    34 |    42 ||    86
       Confused          |       |       |     2 |     2 ||     4
       Invisible         |       |       |       |     1 ||     1
  Eat: Royal jelly       |       |       |     3 |       ||     3
